 Dungeon Crawl Stone Soup version 0.18-a0-19-g8b99b3a (webtiles) character file.

238 mrath the Magician (level 5, -7/38 HPs)
             Began as a Draconian Earth Elementalist on Nov 1, 2015.
             Mangled by a worker ant (8 damage)
             ... on level 5 of the Dungeon on Nov 2, 2015.
             The game lasted 00:48:33 (5709 turns).

mrath the Magician (Draconian Earth Elementalist)   Turns: 5709, Time: 00:48:33

Health: -7/38      AC:  5    Str: 13    XL:     5   Next: 78%
Magic:  4/11       EV: 12    Int: 16    God:
Gold:   232        SH:  0    Dex: 11    Spells: 3 memorised, 7 levels left

rFire  . . .     SeeInvis .     q - +1 morningstar (holy)
rCold  . . .     Clarity  .     (armour unavailable)
rNeg   . . .     SustAt   .     (no shield)
rPois  .         Gourm    +     (helmet restricted)
rElec  .         Spirit   .     (no cloak)
rCorr  .         Warding  .     (no gloves)
rMut   .         Stasis   .     (no boots)
MR     .....                    E - amulet of the gourmand
Stlth  ++........               F - +2 ring of strength
                                t - ring of flight

@: lethally poisoned (-7 -> -15), very slightly contaminated, not resistant to
hostile enchantments, unstealthy
A: unfitting armour, cold-blooded, AC +5
a: Evoke Flight


You were on level 5 of the Dungeon.
You were full.

You visited 1 branch of the dungeon, and saw 5 of its levels.

You collected 232 gold pieces.

Inventory:

Hand Weapons
 e - a +0 short sword
 l - a +0 spear
 q - a +1 morningstar of holy wrath (weapon)
 w - a +2 vampiric falchion
 B - a cursed -2 mace
 D - a +1 whip of venom
 I - a +0 arbalest
 J - a +0 hunting sling
Missiles
 a - 109 stones (quivered)
 x - 15 poisoned sling bullets
 y - 2 needles of confusion
 C - 24 sling bullets
Jewellery
 t - a ring of flight (left hand)
 E - an amulet of the gourmand (around neck)
 F - a +2 ring of strength (right hand)
Scrolls
 d - 2 scrolls of teleportation {unknown}
 f - a scroll of amnesia {unknown}
 g - a scroll of noise {unknown}
 i - 4 scrolls of recharging {unknown}
 j - 6 scrolls of identify {unknown}
 k - a scroll of enchant weapon {unknown}
 p - 3 scrolls of remove curse {unknown}
 s - a scroll of enchant armour {unknown}
 u - 2 scrolls of random uselessness {unknown}
 A - 2 scrolls of immolation {unknown}
 H - a scroll of magic mapping {unknown}
Potions
 c - a potion of resistance {unknown}
 h - 4 potions of poison {unknown}
 m - a potion of agility {unknown}
 n - 3 potions of curing {unknown}
 o - 4 potions of invisibility {unknown}
 r - a potion of lignification {unknown}
 v - a potion of heal wounds {unknown}
 z - 2 potions of brilliance {unknown}
Books
 b - a book of Geomancy

   Spells                             Type                      Level
   a - Sandblast                      Earth                        1
   b - Stoneskin                      Transmutation/Earth          2
   c - Passwall                       Transmutation/Earth          3
   d - Stone Arrow                    Conjuration/Earth            3
   e - Petrify                        Transmutation/Earth          4
   f - Lee's Rapid Deconstruction     Earth                        5
Comestibles
 G - 3 bread rations
 K - a beef jerky


   Skills:
 - Level 1.7 Dodging
 - Level 1.7 Stealth
 * Level 4.5 Spellcasting
 + Level 1.4 Conjurations
 - Level 1.0 Transmutations
 + Level 4.3 Earth Magic


You had 7 spell levels left.
You knew the following spells:

 Your Spells              Type           Power        Failure   Level  Hunger
a - Sandblast             Erth           ###...       3%          1    None
b - Stoneskin             Trmt/Erth      ##......     10%         2    ##.....
c - Stone Arrow           Conj/Erth      ##....       14%         3    ###....


Dungeon Overview and Level Annotations

Branches:
Dungeon (5/15)
 Temple: D:4-7

Altars:

Annotations:
D:3 chonchonts's ghost, amateur DrVM
D:4 4thArraOfDagon's ghost, amateur MfWn


Innate Abilities, Weirdness & Mutations

Your plain brown scales are hard (AC +5).
Your body does not fit into most forms of armour.
You are cold-blooded and may be slowed by cold attacks.


Message History

You barely miss the worker ant. You tail-slap the worker ant.
The worker ant is moderately wounded.
You feel sick. The worker ant bites you. The worker ant barely misses you.
You closely miss the worker ant.
The worker ant is moderately wounded.
You feel sick. The worker ant misses you.
You closely miss the worker ant.
Your tail-slap misses the worker ant.
The worker ant is moderately wounded.
* * * LOW HITPOINT WARNING * * *
You feel sick. The worker ant misses you. The worker ant barely misses you.
You sock the worker ant!
The worker ant is severely wounded.
* * * LOW HITPOINT WARNING * * *
You feel sick. The worker ant misses you. The worker ant bites you!
* * * LOW HITPOINT WARNING * * *
You closely miss the worker ant.
The worker ant is severely wounded.
* * * LOW HITPOINT WARNING * * *
You feel sick. The worker ant bites you!
You die...

.........# #.##.#
#.#####..#####.##<#####.
.........................
#.####..............###..
#...####.......# #...#
#.###.#.# #...# #.#
#.#.###
.####...####.###.....#
..............@a......
.####................#
............#####...#
................ ...
#######.##...##.. .
#......# # #........
#.##..###


You could see a worker ant.

Vanquished Creatures
  Terence (D:2)
  A worker ant (D:4)
  An iguana (D:4)
  3 gnolls
  5 adders
  2 oozes
  2 worms
  3 giant geckos
  2 orcs (D:4)
  A ball python (D:3)
  2 bats (D:2)
  3 giant cockroaches
  8 hobgoblins
  4 jackals (D:3)
  6 quokkas
  A ball python skeleton (D:4)
  5 giant newts
  6 goblins
  9 kobolds
  11 rats
76 creatures vanquished.

Notes
Turn   | Place    | Note
--------------------------------------------------------------
     0 | D:1      | mrath the Draconian Earth Elementalist began the quest for the Orb.
     0 | D:1      | Reached XP level 1. HP: 14/14 MP: 3/3
   322 | D:1      | Reached XP level 2. HP: 20/20 MP: 1/5
  1131 | D:2      | Noticed Terence
  1158 | D:2      | Killed Terence
  1158 | D:2      | Reached XP level 3. HP: 13/26 MP: 1/7
  1613 | D:2      | Learned a level 2 spell: Stoneskin
  1617 | D:2      | Learned a level 3 spell: Stone Arrow
  1635 | D:2      | Reached XP level 4. HP: 24/33 MP: 7/9
  2005 | D:2      | Found a faded altar to an unknown god.
  2769 | D:3      | Noticed chonchonts's ghost (amateur DrVM)
  3933 | D:3      | Reached skill level 1 in Conjurations
  3933 | D:3      | Reached skill level 4 in Earth Magic
  4188 | D:3      | Reached XP level 5. HP: 29/38 MP: 4/10
  4453 | D:4      | Noticed 4thArraOfDagon's ghost (amateur MfWn)
  5664 | D:5      | Entered Level 5 of the Dungeon
  5709 | D:5      | HP: 1/38 [poisoned by a worker ant]
  5709 | D:5      | Mangled by a worker ant

Vault maps used:
D:1:      dpeg_arrival_oval
D:2:      ecumenical_altar_2, uniq_terence
D:4:      first_bread

Action                   |  1- 3 |  4- 6 || total
-------------------------+-------+-------++-------
Melee: Short sword       |    21 |       ||    21
       Spear             |    62 |    41 ||   103
       Morningstar       |       |    45 ||    45
Throw: Stone             |       |     6 ||     6
 Cast: Sandblast         |    30 |    88 ||   118
       Stoneskin         |       |     1 ||     1
 Stab: Sleeping          |     1 |       ||     1
  Eat: Chunk             |     1 |    13 ||    14
       Bread ration      |     1 |       ||     1
       Beef jerky        |       |     1 ||     1
